 Dungeon Crawl Stone Soup version 0.28.0-47-ge53b351184 (webtiles) character file.

Game seed: 17200522097768516862

2153 Allula97 the Ruffian (level 9, -2/67 HPs)
             Began as a Demonspawn Berserker on Apr 28, 2022.
             Was a Priest of Trog.
             Slain by an ice beast (10 damage)
             ... on level 6 of the Dungeon.
             The game lasted 00:15:18 (5847 turns).

Allula97 the Ruffian (Demonspawn Berserker)         Turns: 5847, Time: 00:15:18

Health: -2/67      AC:  9    Str: 22    XL:     9   Next: 10%
Magic:  9/9        EV: 10    Int:  9    God:    Trog [***...]
Gold:   254        SH:  0    Dex: 16    Spells: 8/8 levels left

rFire   . . .      SeeInvis .     - Unarmed
rCold   . . .      Faith    .   (no shield)
rNeg    . . .      Spirit   .   g - +0 chain mail
rPois   .          Reflect  .   (no helmet)
rElec   .          Harm     .   (no cloak)
rCorr   .          Rampage  .   (no gloves)
Will    +++..                   (no boots)
Stlth   ++........              (no amulet)
HPRegen 1.21/turn               l - ring of willpower
MPRegen 0.11/turn               (no ring)

@: lethally poisoned (-2 -> -6), strong-willed, on berserk cooldown,
regenerating, slowed, very slow
A: thin skeletal structure 2, foul stench 1, spiny 2, demonic touch 2
a: Renounce Religion, Berserk, Trog's Hand


You were on level 6 of the Dungeon.
You worshipped Trog.
Trog was most pleased with you.
You visited 2 branches of the dungeon, and saw 7 of its levels.

You collected 424 gold pieces.
You spent 170 gold pieces at shops.

Inventory:

Missiles
 h - 6 boomerangs of dispersal (quivered)
 j - 3 poisoned darts
 r - 6 curare-tipped darts
Armour
 g - a +0 chain mail (worn)
Jewellery
 l - a ring of willpower (left hand)
 p - a ring of willpower
Scrolls
 a - a scroll of amnesia {unknown}
 e - a scroll of immolation {unknown}
 i - a scroll of acquirement {unknown}
 q - a scroll of enchant weapon {unknown}
 s - a scroll of teleportation {unknown}
 t - a scroll of noise {unknown}
 v - a scroll of identify {unknown}
Potions
 b - 3 potions of heal wounds
 c - a potion of haste {unknown}
 d - 2 potions of ambrosia {unknown}
 f - 2 potions of might
 k - 3 potions of curing
 m - a potion of degeneration {unknown}
 n - 2 potions of brilliance {unknown}
 o - 2 potions of attraction {unknown}
 u - a potion of flight {unknown}


   Skills:
 * Level 4.8 Fighting
 * Level 5.4 Armour
 * Level 4.1 Dodging
 * Level 3.6 Stealth
 * Level 7.9 Unarmed Combat


You had 8 spell levels left.
You didn't know any spells.
Your spell library contained the following spells:

 Spells                   Type           Power      Damage    Failure   Level
 Freeze                   Ice            0%         1d3       97%         1
 Magic Dart               Conj           0%         1d3       97%         1
 Sandblast                Erth           0%         2d4       97%         1
 Slow                     Hex            0%         N/A       97%         1
 Passwall                 Tmut/Erth      0%         N/A       99%         2
 Searing Ray              Conj           0%         2d4       99%         2
 Confusing Touch          Hex            0%         N/A       100%        3
 Frozen Ramparts          Ice            0%         1d2       100%        3
 Stone Arrow              Conj/Erth      0%         3d7       100%        3
 Vampiric Draining        Necr           0%         2d6       100%        3
 Animate Armour           Summ/Erth      0%         N/A       100%        4
 Fulminant Prism          Conj/Hex       0%         3d6       100%        4
 Hailstorm                Conj/Ice       0%         3d3       100%        4
 Blade Hands              Tmut           0%         N/A       100%        5
 Iron Shot                Conj/Erth      0%         9d1       100%        6


Dungeon Overview and Level Annotations

Branches:
Dungeon (6/15)             Temple (1/1) D:5

Altars:
Cheibriados
Fedhas
Gozag
Makhleb
Okawaru
Qazlal
Ru
Trog
Vehumet
Wu Jian
Xom
Yredelemnul
The Shining One

Shops:
D:4 !=[


Innate Abilities, Weirdness & Mutations

You have a moderately thin skeletal structure. (Dex +4, Stealth++)
You may rarely emit foul miasma when damaged in melee.
You are mostly covered in sharp spines.
Your touch may inflict irresistible damage on your foes.


Message History

The wight misses you.
Your life force feels restored.
The white imp is struck by your spines.
The white imp hits you but does no damage.
The white imp is struck by your spines.
You kill the white imp!
Trog accepts your kill. The wight closely misses you.
You hit the jelly.
Your hands burn!
The jelly is lightly wounded.
The jelly hits you but does no damage.
A scorpion comes into view.
The wight completely misses you.
You punch the jelly!
Your hands burn!
The jelly is severely wounded.
The jelly is struck by your spines.
You kill the jelly!
Trog accepts your kill.
The wight hits you from afar with a +0 halberd!
You punch the howler monkey zombie!
The howler monkey zombie is heavily damaged.
The howler monkey zombie is struck by your spines.
The howler monkey zombie misses you. The wight closely misses you.
The scorpion is struck by your spines. The scorpion closely misses you.
You punch the howler monkey zombie!
You destroy the howler monkey zombie!
Trog accepts your kill.
The wight hits you from afar with a +0 halberd!
* * * LOW HITPOINT WARNING * * *
The scorpion stings you but does no damage.
The scorpion is struck by your spines. The scorpion stings you.
* * * LOW HITPOINT WARNING * * *
You are poisoned.
The scorpion poisons you! The scorpion barely misses you.
The wight hits you from afar with a +0 halberd.
* * * LOW HITPOINT WARNING * * *
The ice beast hits you.
* * * LOW HITPOINT WARNING * * *
The ice beast freezes you!
You die...

##.######## ### .......<#
#####.## ####.####.....[..
##....## #...........<..#
.......# #.........†Y#.##.
.......### ##.....)......[...
#.#####..####......####)J..###
....# #.........z### .###...
....###..#####..Y## ## #.
##..##..## ##.@s# .#..#..##
##.......# .#....## #####..#.
##..### $# ....# # ....# .####
#.# ###


You could see an ice beast, a scorpion and a wight.

Vanquished Creatures
  A human (D:3)
  A water moccasin (D:5)
  An orc warrior (D:6)
  2 black bears
  2 sky beasts
  2 ogres (D:4)
  A centaur (D:6)
  A phantom (D:5)
  A kobold brigand (D:5)
  2 wyvern zombies
  A gnoll sergeant (D:5)
  3 scorpions (D:6)
  A howler monkey (D:5)
  A bullfrog zombie (D:6)
  2 jellies (D:6)
  2 orc priests (D:5)
  A bullfrog skeleton (D:5)
  4 hounds
  A scorpion zombie (D:5)
  2 orc wizards (D:4)
  3 iguanas
  A howler monkey zombie (D:6)
  4 gnolls (D:5)
  6 adders
  2 white imps
  An adder skeleton (D:5)
  A worm (D:2)
  2 dart slugs
  15 orcs
  7 bats
  5 endoplasms
  2 giant cockroaches
  3 goblins
  5 hobgoblins
  3 jackals (D:1)
  6 quokkas
  7 ball pythons
  5 frilled lizards
  A goblin zombie (D:3)
  15 kobolds
  3 rats
129 creatures vanquished.

Notes
Turn   | Place    | Note
-------+----------+-------------------------------------------
     0 | D:1      | Allula97 the Demonspawn Berserker began the quest for the
                  | Orb.
     0 | D:1      | Reached XP level 1. HP: 18/18 MP: 1/1
   492 | D:1      | Gained mutation: You have a somewhat thin skeletal
                  | structure. (Dex +2, Stealth+) [demonic ancestry]
   492 | D:1      | Reached XP level 2. HP: 24/24 MP: 2/2
   677 | D:1      | Reached skill level 3 in Unarmed Combat
   930 | D:1      | Found a faded altar of an unknown god.
  1295 | D:2      | Reached XP level 3. HP: 29/29 MP: 3/3
  1308 | D:2      | Reached ** piety under Trog
  1882 | D:2      | Reached skill level 1 in Stealth
  1988 | D:2      | Gained mutation: You are partially covered in sharp spines.
                  | [demonic ancestry]
  1988 | D:2      | Reached XP level 4. HP: 35/35 MP: 4/4
  2363 | D:3      | Found a radiant altar of Vehumet.
  2722 | D:3      | Found a runed translucent door.
  2722 | D:3      | Noticed a human
  2726 | D:3      | Found a basalt altar of Yredelemnul.
  2744 | D:3      | Killed a human
  2745 | D:3      | Reached skill level 4 in Unarmed Combat
  2745 | D:3      | Gained mutation: You may rarely emit foul miasma when
                  | damaged in melee. [demonic ancestry]
  2745 | D:3      | Reached XP level 5. HP: 20/41 MP: 5/5
  3270 | D:4      | Gained mutation: Your touch may inflict minor irresistible
                  | damage on your foes. [demonic ancestry]
  3270 | D:4      | Reached XP level 6. HP: 20/48 MP: 6/6
  3414 | D:4      | Found Cunaenuatz's Distillery.
  3418 | D:4      | Bought a potion of heal wounds for 50 gold pieces
  3418 | D:4      | Bought a potion of curing for 30 gold pieces
  3418 | D:4      | Bought a potion of might for 40 gold pieces
  3418 | D:4      | Bought a potion of heal wounds for 50 gold pieces
  3523 | D:4      | Found a snail-covered altar of Cheibriados.
  3570 | D:4      | Found Faof's Armour Shoppe.
  3634 | D:4      | Found Firghib's Jewellery Shoppe.
  3688 | D:4      | Reached skill level 5 in Unarmed Combat
  3688 | D:4      | Gained mutation: You have a moderately thin skeletal
                  | structure. (Dex +4, Stealth++) [demonic ancestry]
  3688 | D:4      | Reached XP level 7. HP: 19/53 MP: 7/7
  4349 | D:5      | Entered Level 5 of the Dungeon
  4611 | D:5      | Reached skill level 6 in Unarmed Combat
  4625 | D:5      | Gained mutation: You are mostly covered in sharp spines.
                  | [demonic ancestry]
  4625 | D:5      | Reached XP level 8. HP: 26/60 MP: 8/8
  5175 | D:5      | Found a staircase to the Ecumenical Temple.
  5188 | Temple   | Entered the Ecumenical Temple
  5621 | D:6      | Reached *** piety under Trog
  5622 | D:6      | Reached skill level 7 in Unarmed Combat
  5622 | D:6      | Found a stormy altar of Qazlal.
  5624 | D:6      | Noticed an air elemental
  5816 | D:6      | Reached skill level 5 in Armour
  5827 | D:6      | Gained mutation: Your touch may inflict irresistible damage
                  | on your foes. [demonic ancestry]
  5827 | D:6      | Reached XP level 9. HP: 19/66 MP: 9/9
  5847 | D:6      | Slain by an ice beast

Illustrated notes

Levels and vault maps discovered:
D:1:      minmay_arrival_four_loops, layout_loops_ring,
          hellmonk_ecumenical_altar_heavens_door
D:2:      layout_basic, serial_park_tiny_1
D:3:      layout_basic, dk_yredelemnul_ordeal,
          mainiacjoe_overflow_concentric_impassable
D:4:      layout_basic, mainiacjoe_overflow_paths, serial_shops, shop,
          shop_coins, nicolae_shop_advertising_works
          [nicolae_subvault_shop_adworks]
D:5:      cheibrodos_thug_alley, layout_loops_ring, temple_hall
D:6:      layout_layer_cave, nicolae_qazlal_style_of_elements, corexii_shack,
          minmay_alternating_orb, uniq_prince_ribbit1
Temple:   nicolae_temple_figure_zero

Skill      XL: |  1  2  3  4  5  6  7  8 |
---------------+-------------------------+-----
Dodging        | 2 3 4 |  4.1
Unarmed Combat | 3 4 5 6 7 |  7.9
Armour         | 2 3 4 5 |  5.4
Stealth        | 1 2 3 |  3.6
Fighting       | 4 |  4.8

Action                   |  1- 3 |  4- 6 |  7- 9 || total
-------------------------+-------+-------+-------++-------
Melee: Unarmed           |   158 |    83 |   144 ||   385
       Punch             |       |     3 |     5 ||     8
       Touch             |       |     6 |    24 ||    30
Invok: Berserk           |     3 |     3 |     2 ||     8
       Trog's Hand       |     1 |     4 |     5 ||    10
  Use: Potion            |       |       |     1 ||     1
 Stab: Sleeping          |     3 |       |     1 ||     4
Armor: Animal skin       |    21 |       |       ||    21
       Ring mail         |    12 |       |       ||    12
       Chain mail        |    17 |    26 |    61 ||   104
Dodge: Dodged            |    96 |    25 |    74 ||   195
